 Dungeon Crawl Stone Soup version 0.17-a0-1711-gc5340a3 (webtiles) character file.

103 karlkraus the Shield-Bearer (level 4, -2/40 HPs)
             Began as a Minotaur Fighter on Aug 22, 2015.
             Slain by Sigmund
             ... wielding a +0 scythe
              (8 damage)
             ... on level 3 of the Dungeon.
             The game lasted 00:03:39 (1343 turns).

karlkraus the Shield-Bearer (Minotaur Fighter)      Turns: 1343, Time: 00:03:39

Health: -2/40      AC: 12    Str: 21    XL:     4   Next: 51%
Magic:  3/3        EV:  9    Int:  5    God:
Gold:   132        SH:  9    Dex: 10    Spells: 0 memorised, 3 levels left

rFire  . . .     SeeInvis .     a - +0 war axe
rCold  . . .     Clarity  .     w - +4 ring mail
rNeg   . . .     SustAt   .     c - +0 shield
rPois  .         Gourm    .     (helmet restricted)
rElec  .         Spirit   .     (no cloak)
rCorr  .         Warding  .     p - +0 pair of gloves
rMut   .         Stasis   .     m - +0 pair of boots
MR     .....                    (no amulet)
Stlth  ..........               (no ring)
                                h - ring of invisibility

@: not resistant to hostile enchantments, extremely unstealthy
A: retaliatory headbutt, horns 2
a: Evoke Invisibility


You were on level 3 of the Dungeon.
You were hungry.

You visited 1 branch of the dungeon, and saw 3 of its levels.

You collected 132 gold pieces.

Inventory:

Hand weapons
 a - a +0 war axe (weapon)
Armour
 c - a +0 shield (worn)
 m - a +0 pair of boots (worn)
 p - a +0 pair of gloves (worn)
 w - a +4 ring mail (worn)
Jewellery
 b - a +4 ring of dexterity {unknown}
 h - a ring of invisibility (left hand)
Magical devices
 v - a wand of digging (14)
Scrolls
 f - 2 scrolls of identify {unknown}
 i - a scroll of enchant armour {unknown}
 j - a scroll of magic mapping {unknown}
 k - 2 scrolls of immolation {unknown}
 q - a scroll of random uselessness {unknown}
 r - a scroll of blinking {unknown}
 s - a scroll of enchant weapon {unknown}
 t - a scroll of recharging {unknown}
 u - a scroll of teleportation {unknown}
Potions
 d - a potion of might
 g - a potion of mutation {unknown}
 l - a potion of ambrosia {unknown}
 n - 2 potions of flight {unknown}
 o - a potion of heal wounds {unknown}
 x - a potion of cancellation {unknown}
Comestibles
 e - 2 bread rations
 z - a chunk of flesh


   Skills:
 + Level 4.3 Fighting
 + Level 3.2 Axes
 + Level 4.1 Armour
 + Level 1.9 Dodging
 + Level 4.6 Shields


You had 3 spell levels left.
You didn't know any spells.

Dungeon Overview and Level Annotations

Branches:
Dungeon (3/15)

Altars:
Ashenzari
Vehumet

Annotations:
D:3 Sigmund


Innate Abilities, Weirdness & Mutations

You reflexively headbutt those who attack you in melee.
You have a pair of horns on your head.


Message History

The jackal is heavily wounded.
You block the jackal's attack. Something hits you! The jackal bites you.
Unknown command.
Unknown command.
You hit the jackal.
You kill the jackal!
Something hits you.
* * * LOW HITPOINT WARNING * * *
You block the jackal's attack.
You closely miss the jackal.
The jackal is almost dead.
The jackal misses you. You furiously retaliate!
You headbutt the jackal!
You kill the jackal!
Something hits you!
* * * LOW HITPOINT WARNING * * *
You block the hobgoblin's attack.
Drink which item? (? for menu, Esc to quit)
Okay, then.
The hobgoblin closely misses you. Something hits you!
You die...

...##.......)....# #.#
.####..#.........# #.# .#
#^.........#.# #.# .#
#..#.##...##.###.####### .#
#..#.###.###...........######
#####................#####.#.....
........####.........# #.........
##.............#.#######?#†#.....
#.###..........@######..........
#.# #########...g†g.....#.#.!...
#.# ...#####...##......#.......
#.# ...........##.##.#.#.......
#.# ...#####..............###.#
#.# ###.......g...## .# #.#
####.##.#.### #..#.#g# ##.#.#..


You could see 2 hobgoblins.

Vanquished Creatures
  Ijyb (D:3)
  2 adders
  2 worms (D:2)
  The ghost of 4thArraOfDagon the Ruffian, a weakling TrCK of Xom (D:3)
  A giant gecko (D:3)
  A ball python (D:2)
  6 bats
  3 giant cockroaches
  8 goblins
  2 hobgoblins
  A quokka (D:2)
  7 giant newts
  8 jackals
  2 kobolds
  5 rats
50 creatures vanquished.

Notes
Turn   | Place    | Note
--------------------------------------------------------------
     0 | D:1      | karlkraus the Minotaur Fighter began the quest for the Orb.
     0 | D:1      | Reached XP level 1. HP: 19/19 MP: 0/0
    42 | D:1      | Reached XP level 2. HP: 25/27 MP: 1/1
   290 | D:1      | Reached skill level 4 in Shields
   466 | D:2      | Found a shattered altar of Ashenzari.
   588 | D:2      | Reached XP level 3. HP: 33/33 MP: 2/2
  1120 | D:3      | Found a radiant altar of Vehumet.
  1120 | D:3      | Noticed Ijyb
  1133 | D:3      | Killed Ijyb
  1133 | D:3      | Reached skill level 1 in Dodging
  1133 | D:3      | Reached XP level 4. HP: 29/40 MP: 3/3
  1230 | D:3      | Noticed 4thArraOfDagon's ghost (weakling TrCK)
  1241 | D:3      | Killed 4thArraOfDagon's ghost
  1316 | D:3      | Noticed Sigmund
  1343 | D:3      | Slain by Sigmund

Vault maps used:
D:1:      moated_graveyard_arrival
D:2:      first_bread, evilmike_ruin_ashenzari
D:3:      fiery_altar_vehumet, uniq_sigmund, uniq_jessica, uniq_iyjb

Action                   |  1- 3 |  4- 6 || total
-------------------------+-------+-------++-------
Melee: War axe           |    90 |    24 ||   114
  Eat: Chunk             |       |     1 ||     1
